 Dungeon Crawl Stone Soup version 0.29-a0-330-g52719c12eb (webtiles) character file.

Game seed: 7826473997504941633

7 Leszczynek the Insei (level 2, -5/22 HPs)
             Began as a Human Gladiator on Apr 21, 2022.
             Slain by an ogre
             ... wielding a +0 giant spiked club
              (22 damage)
             ... on level 4 of the Dungeon.
             The game lasted 00:02:32 (155 turns).

Leszczynek the Insei (Human Gladiator)               Turns: 155, Time: 00:02:32

Health: -5/22      AC:  6    Str: 14    XL:     2   Next: 5%
Magic:  2/2        EV: 11    Int:  8    God:
Gold:   26         SH:  0    Dex: 14    Spells: 1/1 levels left

rFire   . . .      SeeInvis .     - Unarmed
rCold   . . .      Faith    .   (no shield)
rNeg    . . .      Spirit   .   e - +0 ring mail
rPois   .          Reflect  .   b - +0 helmet
rElec   .          Harm     .   (no cloak)
rCorr   .          Rampage  .   (no gloves)
Will    .....                   (no boots)
Stlth   +.........              (no amulet)
HPRegen 0.07/turn               (no ring)
MPRegen 0.08/turn               (no ring)

@: no status effects
A: no striking features
a: no special abilities


You were on level 4 of the Dungeon.
You visited 1 branch of the dungeon, and saw 4 of its levels.

You collected 26 gold pieces.

Inventory:

Missiles
 d - a javelin (quivered)
Armour
 a - a +0 leather armour
 b - a +0 helmet (worn)
 e - a +0 ring mail (worn)
Potions
 f - a potion of lignification {unknown}


   Skills:
 + Level 2.1 Fighting
 - Level 2.0 Throwing
 - Level 3.0 Dodging
 + Level 3.1 Unarmed Combat
 * Level 0.9 Transmutations


You had one spell level left.
You didn't know any spells.
Your spell library was empty.

Dungeon Overview and Level Annotations

Branches:
Dungeon (4/15)
 Temple: D:4-7

Altars:
Qazlal


Message History

The ogre struggles against the net.
The net rips apart, and the ogre comes free!
Throw: 2 throwing nets
Press: ? - help, Q - select action, (/) - cycle Shift-Dir - straight line, f/p - ogre
Aim: an ogre, wielding a +0 giant spiked club (moderately wounded, 75% to hit)
You throw a throwing net.
The throwing net completely misses the ogre.
The ogre closely misses you.
Throw: throwing net
Press: ? - help, Q - select action, (/) - cycle Shift-Dir - straight line, f/p - ogre
Aim: an ogre, wielding a +0 giant spiked club (moderately wounded, 75% to hit)
You throw a throwing net. The throwing net hits the ogre.
The ogre is caught in the net!
The ogre is moderately wounded.
The ogre struggles against the net.
You strike the helpless ogre from behind!
You hit the ogre.
The ogre is moderately wounded.
You hit the ogre but do no damage.
The ogre is moderately wounded.
The ogre struggles against the net.
You hit the ogre. You punch the ogre.
The ogre is heavily wounded.
The ogre struggles against the net.
You hit the ogre but do no damage. Your punch misses the ogre.
The ogre is heavily wounded.
The ogre struggles against the net.
You hit the ogre.
The ogre is severely wounded.
The ogre struggles against the net.
You catch the helpless ogre completely off-guard!
You hit the ogre.
The ogre is almost dead.
The ogre struggles against the net.
The net rips apart, and the ogre comes free!
You hit the ogre but do no damage. You punch the ogre.
The ogre is almost dead.
The ogre hits you with a +0 giant spiked club!!
Ouch! That really hurt!
You die...

.# .# ###
.# ..# .#
#.# .# #r#
.#
###.#O###.#
#.....@.<.#
#.###.#####
...# #####


You could see an ogre and a quokka.

Vanquished Creatures
  An endoplasm (D:3)
  A goblin (D:2)
  A hobgoblin (D:3)
  A ball python (D:2)
  2 bats
  A rat (D:1)
7 creatures vanquished.

Notes
Turn   | Place    | Note
-------+----------+-------------------------------------------
     0 | D:1      | Leszczynek the Human Gladiator began the quest for the Orb.
     0 | D:1      | Reached XP level 1. HP: 16/16 MP: 1/1
     0 | D:1      | no TSO ever again, actively detrimental
     0 | D:1      | and i had a decent start too
     0 | D:1      | a very good ring, regen, blade hands
     0 | D:1      | just get oka, best god
    78 | D:3      | Found a stormy altar of Qazlal.
   126 | D:3      | Reached XP level 2. HP: 15/22 MP: 2/2
   137 | D:4      | Noticed an ogre
   155 | D:4      | Ouch! That really hurt!
   155 | D:4      | Slain by an ogre

Illustrated notes

##### #.@.#
#.............#
...............
...............
...............
#.............#
###.........###
###.....###


Turn 0 on D:1: no TSO ever again, actively detrimental

Levels and vault maps discovered:
D:1:      nzn_arrival_depleted_hourglass, layout_basic,
          shapermc_ecumenical_altar_mp_vishouse, minmay_pentomino_z2
D:2:      layout_basic, st_stairs_1, chequers_serial_rivers_micro_d
D:3:      kennysheep_goblin_castle, layout_basic, grunt_qazlal_clouds,
          minmay_misc_feat_encased, serial_park_tiny_pond
D:4:      layout_loops_corners, uniq_natasha

Action                   || total
-------------------------++-------
Melee: Unarmed           ||    28
       Punch             ||     3
Throw: Throwing net      ||     3
 Stab: Sleeping          ||     1
       Held in net/web   ||     5
Armor: Leather armour    ||     4
       Ring mail         ||     4
Dodge: Dodged            ||     9

Table legend: (Time is in decaauts)
 A = Elapsed time spent in this place.
 B = Non-inter-level travel time spent in this place.
 C = Inter-level travel time spent in this place.
 D = Time resting spent in this place.
 E = Time spent auto-exploring this place.
 F = Levels seen in this place.
 G = Mean time per level.
                   A        B        C        D        E       F      G
               +--------+--------+--------+--------+--------+-----+--------+
         Total |    152 |    152 |      0 |      0 |      0 |   4 |   38.0 |
       Dungeon |    152 |    152 |      0 |      0 |      0 |   4 |   38.0 |
               +--------+--------+--------+--------+--------+-----+--------+

Top non-repeatable levels by time:
     D:3: 56 daAuts
     D:2: 54 daAuts
     D:1: 22 daAuts
     D:4: 18 daAuts
